Description

h

Build Order

Get SALT Encoding   

  12  0:00  Drone  
  13  0:12  Overlord  
  13  0:16  Drone  
  14  0:30  Drone x3  
  17  0:44  Extractor  
  17  0:45  Drone  
  17  0:49  Spawning Pool  
  16  0:55  Drone  
  17  1:06  Drone  
  18  1:17  Hatchery  
  17  1:22  Drone  
  18  1:36  Queen  
  18  1:37  Zergling x4  
  22  1:46  Metabolic Boost  
  22  1:53  Overlord  
  22  2:12  Queen, Drone  
  27  2:30  Queen  
  33  2:49  Pneumatized Carapace  
  36  2:54  Overlord  
  36  3:09  Hatchery  
  35  3:15  Queen  
  38  3:25  Overlord  
  40  3:29  Zergling x6  
  43  3:40  Overlord  
  44  3:52  Zergling x6  
  44  3:55  Queen  
  56  4:14  Lair  
  58  4:22  Queen  
  64  4:31  Roach Warren  
  64  4:35  Queen  
  73  5:07  Spore Crawler x3  
  76  5:17  Extractor x2  
  76  5:18  Roach x5  
  76  5:19  Overseer  
  85  5:29  Evolution Chamber  
  85  5:30  Extractor  
  92  5:47  Extractor  
  87  5:56  Glial Reconstitution  
  91  5:59  Zergling x4  
  91  6:05  Spore Crawler  
  92  6:25  Zerg Missile Weapons Level 1  
  92  6:30  Hatchery  
  92  6:32  Extractor x2  
  96  6:36  Infestation Pit  
  96  6:37  Hydralisk Den  
  96  6:38  Roach x2  
  97  6:54  Spore Crawler  
  100  7:08  Roach x3  
  100  7:15  Infestor x3  
  117  7:32  Neural Parasite  
  117  7:33  Grooved Spines  
  120  7:43  Extractor x2, Spore Crawler  
  118  7:45  Queen  
  118  7:49  Hive  
  116  7:55  Hydralisk x3  
  123  8:01  Hydralisk x3  
  129  8:07  Hydralisk x3  
  129  8:10  Hatchery  
  134  8:26  Hydralisk  
  151  8:41  Burrow  
  153  8:44  Muscular Augments  
  156  8:54  Extractor  
  158  9:00  Lurker Den  
  159  9:03  Zerg Missile Weapons Level 2  
  159  9:05  Hatchery  
  159  9:07  Evolution Chamber  
  158  9:30  Overseer  
  158  9:34  Zerg Ground Armor Level 1  
  161  9:43  Viper x3  
  170  9:46  Seismic Spines  
  170  9:49  Viper  
Spawning Tool Build Advisor. Get it on Overwolf

Go to:

Details

  • Created by: jakeko4
  • Published on: Apr 11, 2020
  • Modified on: Apr 11, 2020
  • Patch: 4.11.0
Show
View Real Time Build Order
Export as new Build Order

Comments (0)

There are no comments. Be the first!

Create an account to comment!